 Dungeon Crawl Stone Soup version 0.24-a0-443-g80245de385 (webtiles) character file.

Game seed: 15259240214558320241

200 epen the Vexing (level 5, 0/41 HPs)
             Began as a Gnoll Arcane Marksman on June 21, 2019.
             Succumbed to a worker ant's poison
             ... on level 4 of the Dungeon.
             The game lasted 00:05:28 (4144 turns).

epen the Vexing (Gnoll Arcane Marksman)             Turns: 4144, Time: 00:05:29

Health: 0/41       AC:  6    Str: 14    XL:     5   Next: 78%
Magic:  9/9        EV: 13    Int: 15    God:
Gold:   104        SH:  0    Dex: 15    Spells: 9/10 levels left

rFire    . . .     SeeInvis .   c - +0 spear
rCold    . . .     Gourm    .   (no shield)
rNeg     . . .     Faith    .   n - +0 ring mail
rPois    .         Spirit   .   g - +0 helmet (curse)
rElec    .         Reflect  .   (no cloak)
rCorr    .         Harm     .   (no gloves)
MR       .....                  (no boots)
Stlth    +.........             (no amulet)
HPRegen  0.13/turn              (no ring)
MPRegen  0.11/turn              (no ring)

@: lethally poisoned (0 -> -6), very slightly contaminated, hasted, invisible,
very quick
A: distributed training, fangs 1, strong nose
a: no special abilities


You were on level 4 of the Dungeon.
You were completely stuffed.

You visited 1 branch of the dungeon, and saw 4 of its levels.

You collected 104 gold pieces.

Inventory:

Hand Weapons
 a - a +0 shortbow
 c - a +0 spear (weapon)
Missiles
 d - 21 arrows
Armour
 e - a +0 robe
 g - a cursed +0 helmet (worn)
 n - a +0 ring mail (worn)
Jewellery
 l - an uncursed ring of resist corrosion {unknown}
Wands
 r - a wand of random effects (22)
Scrolls
 b - 2 scrolls of noise {unknown}
 f - a scroll of amnesia {unknown}
 h - 2 scrolls of teleportation {unknown}
 i - 2 scrolls of identify {unknown}
 k - 2 scrolls of magic mapping {unknown}
 m - a scroll of remove curse {unknown}
 o - a scroll of immolation {unknown}
 q - a scroll of fog {unknown}
Potions
 p - 2 potions of invisibility
 s - a potion of haste


   Skills:
 + Level 3.0 Fighting
 + Level 1.6 Short Blades
 + Level 1.6 Long Blades
 + Level 1.6 Axes
 + Level 1.6 Maces & Flails
 + Level 1.6 Polearms
 + Level 1.6 Staves
 + Level 1.6 Slings
 + Level 4.8 Bows
 + Level 1.6 Crossbows
 + Level 1.6 Throwing
 + Level 1.6 Armour
 + Level 4.8 Dodging
 + Level 1.6 Stealth
 + Level 1.6 Shields
 + Level 1.6 Unarmed Combat
 + Level 3.2 Spellcasting
 + Level 1.2 Conjurations
 + Level 5.5 Hexes
 + Level 1.2 Charms
 + Level 1.2 Summonings
 + Level 1.2 Necromancy
 + Level 1.2 Translocations
 + Level 1.2 Transmutations
 + Level 1.2 Fire Magic
 + Level 1.2 Ice Magic
 + Level 1.2 Air Magic
 + Level 1.2 Earth Magic
 + Level 1.2 Poison Magic
 + Level 1.8 Invocations
 + Level 1.6 Evocations


You had 9 spell levels left.
You knew the following spells:

 Your Spells              Type           Power        Failure   Level  Hunger
a - Corona                Hex            ###....      4%          1    #......

Your spell library contained the following spells:

 Spells                   Type           Power        Failure   Level  Hunger
 Slow                     Hex            ###.....     6%          2    ##.....
 Inner Flame              Hex/Fire       ##......     30%         3    ###....
 Portal Projectile        Hex/Tloc       ##....       30%         3    ###....
 Cause Fear               Hex            ###.......   38%         4    #####..
 Leda's Liquefaction      Hex/Erth       ##........   69%         4    #####..


Dungeon Overview and Level Annotations

Branches:
Dungeon (4/15)
 Temple: D:4-7

Altars:
Ashenzari
Hepliaklqana

Shops:
D:4 [


Innate Abilities, Weirdness & Mutations

Your experience applies equally to all skills.
You have very sharp teeth.
Your uncanny sense of smell can sniff out nearby items.


Message History

You feel sick. The worker ant closely misses you.
You feel yourself speed up.
* * * LOW HITPOINT WARNING * * *
You feel sick.
The worker ant bites you but does no damage.
* * * LOW HITPOINT WARNING * * *
You feel sick.
* * * LOW HITPOINT WARNING * * *
You feel sick.
You eat one of the 3 rations.
That ration really hit the spot!
* * * LOW HITPOINT WARNING * * *
You feel sick.
You eat one of the 2 rations.
That ration really hit the spot!
The worker ant bites you but does no damage.
* * * LOW HITPOINT WARNING * * *
You feel sick.
* * * LOW HITPOINT WARNING * * *
You feel sick.
You eat the ration.
That ration really hit the spot!
You die...

........#....#
.............#
#...#.......#
.......)....###
...#.........##
#..........# ∆
##....a....#
#.........#
###...@....##
.............#
....##......##
...........##
...........#
...........#
...........##
...........#
.........P.#


You could see a worker ant.

Vanquished Creatures
  An orc wizard (D:2)
  Robin (D:1)
  8 adders
  An ooze (D:2)
  2 dart slugs
  2 leopard geckos
  3 orcs
  3 giant cockroaches
  18 goblins
  5 hobgoblins
  5 jackals
  4 kobolds
  A quokka (D:2)
  9 bats
  7 frilled lizards
  A jackal skeleton (D:4)
  5 rats
76 creatures vanquished.

Notes
Turn   | Place    | Note
-------+----------+-------------------------------------------
     0 | D:1      | epen the Gnoll Arcane Marksman began the quest for the Orb.
     0 | D:1      | Reached XP level 1. HP: 17/17 MP: 4/4
   159 | D:1      | Reached XP level 2. HP: 23/23 MP: 5/5
   431 | D:1      | Reached XP level 3. HP: 28/28 MP: 7/7
   731 | D:2      | Noticed Robin
   770 | D:1      | Killed Robin
   770 | D:1      | Reached skill level 1 in Invocations
  1273 | D:2      | Reached skill level 1 in Short Blades
  1273 | D:2      | Reached skill level 1 in Long Blades
  1273 | D:2      | Reached skill level 1 in Axes
  1273 | D:2      | Reached skill level 1 in Maces & Flails
  1273 | D:2      | Reached skill level 1 in Polearms
  1273 | D:2      | Reached skill level 1 in Staves
  1273 | D:2      | Reached skill level 1 in Slings
  1273 | D:2      | Reached skill level 1 in Crossbows
  1273 | D:2      | Reached skill level 1 in Throwing
  1273 | D:2      | Reached skill level 1 in Armour
  1273 | D:2      | Reached skill level 1 in Stealth
  1273 | D:2      | Reached skill level 1 in Shields
  1273 | D:2      | Reached skill level 1 in Unarmed Combat
  1273 | D:2      | Reached skill level 1 in Evocations
  1293 | D:2      | Reached XP level 4. HP: 18/34 MP: 8/8
  1328 | D:2      | HP: 1/34 [poisoned by an adder]
  1737 | D:2      | Reached skill level 1 in Conjurations
  1737 | D:2      | Reached skill level 1 in Charms
  1737 | D:2      | Reached skill level 1 in Summonings
  1737 | D:2      | Reached skill level 1 in Necromancy
  1737 | D:2      | Reached skill level 1 in Translocations
  1737 | D:2      | Reached skill level 1 in Transmutations
  1737 | D:2      | Reached skill level 1 in Fire Magic
  1737 | D:2      | Reached skill level 1 in Ice Magic
  1737 | D:2      | Reached skill level 1 in Air Magic
  1737 | D:2      | Reached skill level 1 in Earth Magic
  1737 | D:2      | Reached skill level 1 in Poison Magic
  2156 | D:2      | Reached XP level 5. HP: 40/40 MP: 9/9
  3208 | D:3      | Found a hazy altar of Hepliaklqana.
  3470 | D:3      | Found a shattered altar of Ashenzari.
  4082 | D:4      | Found Ykukat's Antique Armour Emporium.
  4138 | D:4      | HP: 2/41 [poisoned by a worker ant]
  4144 | D:4      | Succumbed to a worker ant's poison

Levels and vault maps discovered:
D:1:      dpeg_arrival_line_fractal, layout_basic, st_stairs_3,
          minmay_tetromino_l2
D:2:      layout_basic, kennysheep_generic_room_9, uniq_robin
D:3:      layout_basic, overflow_temple_1_default, lemuel_doored_altar
D:4:      layout_cave_pools, serial_shops, nicolae_shop_overgrown_old_shop

Skill      XL: |  1  2  3  4  5 |
---------------+----------------+-----
Invocations    | 1 |  1.8
Short Blades   | 1 |  1.6
Long Blades    | 1 |  1.6
Axes           | 1 |  1.6
Maces & Flails | 1 |  1.6
Polearms       | 1 |  1.6
Staves         | 1 |  1.6
Slings         | 1 |  1.6
Crossbows      | 1 |  1.6
Throwing       | 1 |  1.6
Armour         | 1 |  1.6
Stealth        | 1 |  1.6
Shields        | 1 |  1.6
Unarmed Combat | 1 |  1.6
Evocations     | 1 |  1.6
Spellcasting   | 3 |  3.2
Conjurations   | 1 |  1.2
Charms         | 1 |  1.2
Summonings     | 1 |  1.2
Necromancy     | 1 |  1.2
Translocations | 1 |  1.2
Transmutations | 1 |  1.2
Fire Magic     | 1 |  1.2
Ice Magic      | 1 |  1.2
Air Magic      | 1 |  1.2
Earth Magic    | 1 |  1.2
Poison Magic   | 1 |  1.2
Fighting       | 3 |  3.0
Bows           | |  4.8
Dodging        | |  4.8
Hexes          | |  5.5

Action                   |  1- 3 |  4- 6 || total
-------------------------+-------+-------++-------
Melee: Spear             |    53 |   225 ||   278
       Bite              |     5 |    24 ||    29
       Unarmed           |     4 |       ||     4
       Punch             |       |     2 ||     2
 Fire: Shortbow          |    50 |    31 ||    81
 Cast: Corona            |     2 |       ||     2
  Use: Potion            |     3 |     3 ||     6
 Stab: Sleeping          |       |     2 ||     2
  Eat: Chunk             |       |     6 ||     6
       Ration            |       |     4 ||     4
Armor: Robe              |     2 |       ||     2
       Ring mail         |    10 |    63 ||    73
       Skin              |     4 |       ||     4
Dodge: Dodged            |    58 |   161 ||   219

Table legend:
 A = Non-vault XP
 B = Vault XP
 C = Vault XP percentage of total XP
 D = Non-vault monster count
 E = Vault monster count
 F = Vault count percentage of total count
                 A         B        C        D         E       F
            +---------+---------+-------+---------+---------+-------
      Total |     237 |      49 |  17.1 |      57 |      19 |  25.0
            +---------+---------+-------+---------+---------+-------
        D:1 |      26 |      28 |  51.9 |      15 |       8 |  34.8
        D:2 |     184 |      21 |  10.2 |      34 |      11 |  24.4
        D:3 |      23 |       0 |   0.0 |       6 |       0 |   0.0
        D:4 |       4 |       0 |   0.0 |       2 |       0 |   0.0
            +---------+---------+-------+---------+---------+-------
